SL
HOUSTON 1837 BBC @ DETROIT RENAISSANCE
06/15/2024
 
TOP OF THE 1ST
Houston 1837 BBC batting - Pitching for Detroit Renaissance : RHP Domingo Ramírez
Pitching: RHP Domingo Ramírez
Batting: RHB Kumanosuke Abe 0-0: Ball
1-0: Called Strike
1-1: Ball
2-1: Ball
3-1: Base on Balls
Batting: LHB Brad Lawrence 0-0: Called Strike
0-1: Ball
1-1: Ball
2-1: Foul Ball, location: 2F
2-2: Strikes out looking
Batting: RHB Bob Dickerson 0-0: Ball
1-0: Foul Ball, location: 2F
1-1: Foul Ball, location: 2F
1-2: Foul Ball, location: 2F
1-2: Ball
2-2: Ball
3-2: SINGLE (Groundball, 6MD)
Kumanosuke Abe to second
Batting: LHB José Marín 0-0: Ball
1-0: Ball
2-0: Ball
3-0: Called Strike
3-1: Fly out, F3 (Popup, 3S)
Batting: SHB Jason Alexander 0-0: Ground out 4-3 (Groundball, 4)
Top of the 1st over - 0 run(s), 1 hit(s), 0 error(s), 2 left on base; Houston 0 - Detroit 0
BOTTOM OF THE 1ST
Detroit Renaissance batting - Pitching for Houston 1837 BBC : RHP Fraser Cuevas
Pitching: RHP Fraser Cuevas
Batting: RHB Ulbert Sutkamp 0-0: Called Strike
0-1: Fly out, F8 (Flyball, 8RXD)
Batting: RHB Bernardo Herrera 0-0: Ball
1-0: Ball
2-0: Swinging Strike
2-1: SINGLE (Groundball, 6M)
Batting: LHB Mike Silver 0-0: Called Strike
0-1: Called Strike
0-2: 2-RUN HOME RUN (Flyball, 89XD), Distance : 390 ft
Batting: LHB Juan González 0-0: Ball
1-0: SINGLE (Groundball, 3S)
Batting: LHB Michael Neely 0-0: Foul Ball, location: 2F
0-1: Called Strike
0-2: Ball
1-2: Ball
2-2: Foul Ball, location: 2F
2-2: Ball
3-2: Fly out, F9 (Line Drive, 9S)
Batting: LHB Gregory Johnson 0-0: Called Strike
0-1: Ball
1-1: Ball
2-1: SINGLE (Groundball, 4MD)
Juan González to second
Runner from 2nd tries for 3rd, SAFE, throw made to third
Batting: LHB Gustavo Cortéz 0-0: Ball
1-0: Called Strike
1-1: Ball
2-1: Foul Ball, location: 2F
2-2: Ball
3-2: Foul Ball, location: 2F
3-2: Foul Ball, location: 2F
3-2: Base on Balls
Gregory Johnson to second
Batting: LHB Tim Waters 0-0: Called Strike
0-1: Swinging Strike
0-2: Ball
1-2: Foul Ball, location: 2F
1-2: Foul Ball, location: 2F
1-2: Fielders Choice at 2nd, U6 (Groundball, 6M)
Bottom of the 1st over - 2 run(s), 4 hit(s), 0 error(s), 3 left on base; Houston 0 - Detroit 2
TOP OF THE 2ND
Houston 1837 BBC batting - Pitching for Detroit Renaissance : RHP Domingo Ramírez
Batting: RHB Bob Campbell 0-0: Ground out 6-3 (Groundball, 6)
Batting: LHB Jack Robbins 0-0: Ground out 6-3 (Groundball, 6)
Batting: LHB Alberto Torres 0-0: Ball
1-0: Ball
2-0: Ball
3-0: Called Strike
3-1: SINGLE (Groundball, 25) (infield hit)
Batting: LHB Mark McClear 0-0: Ball
1-0: Called Strike
1-1: SINGLE (Flyball, 7S)
Alberto Torres to second
Batting: RHB Kumanosuke Abe 0-0: Foul Ball, location: 2F
0-1: Swinging Strike
0-2: Strikes out swinging
Top of the 2nd over - 0 run(s), 2 hit(s), 0 error(s), 2 left on base; Houston 0 - Detroit 2
BOTTOM OF THE 2ND
Detroit Renaissance batting - Pitching for Houston 1837 BBC : RHP Fraser Cuevas
Batting: RHB Eric D'Angle 0-0: Ball
1-0: Ball
2-0: Ground out 4-3 (Groundball, 4)
Batting: RHB Ulbert Sutkamp 0-0: Swinging Strike
0-1: Ball
1-1: Called Strike
1-2: Fly out, F8 (Flyball, 8RM)
Batting: RHB Bernardo Herrera 0-0: Ball
1-0: Ball
2-0: Foul Ball, location: 2F
2-1: Foul Ball, location: 2F
2-2: SINGLE (Flyball, 9S)
Batting: LHB Mike Silver 0-0: Called Strike
0-1: Swinging Strike
0-2: Ball
1-2: Ball
2-2: Ball
3-2: Base on Balls
Bernardo Herrera to second
Batting: LHB Juan González 0-0: Called Strike
Bernardo Herrera is caught stealing 3rd base
Bottom of the 2nd over - 0 run(s), 1 hit(s), 0 error(s), 0 left on base; Houston 0 - Detroit 2
TOP OF THE 3RD
Houston 1837 BBC batting - Pitching for Detroit Renaissance : RHP Domingo Ramírez
Batting: LHB Brad Lawrence 0-0: Ball
1-0: Ball
2-0: Ground out 3-1 (Groundball, 3L)
Batting: RHB Bob Dickerson 0-0: Ball
1-0: Ball
2-0: Ball
3-0: Base on Balls
Batting: LHB José Marín 0-0: Foul Ball, location: 2F
0-1: Ball
1-1: SINGLE (Groundball, 34)
Bob Dickerson to second
Runner from 2nd tries for 3rd, SAFE, no throw or cutoff
Batting: SHB Jason Alexander 0-0: Ball
1-0: Ball
2-0: Foul Ball, location: 2F
2-1: Foul Ball, location: 2F
2-2: Strikes out swinging
Batting: RHB Bob Campbell 0-0: Ball
1-0: Swinging Strike
1-1: Foul Ball, location: 2F
1-2: Ball
2-2: 3-RUN HOME RUN (Flyball, 78XD), Distance : 375 ft
Batting: LHB Jack Robbins 0-0: Ball
1-0: Ball
2-0: Called Strike
2-1: Ball
3-1: Base on Balls
Batting: LHB Alberto Torres 0-0: Ground out 4-3 (Groundball, 4)
Top of the 3rd over - 3 run(s), 2 hit(s), 0 error(s), 1 left on base; Houston 3 - Detroit 2
BOTTOM OF THE 3RD
Detroit Renaissance batting - Pitching for Houston 1837 BBC : RHP Fraser Cuevas
Batting: LHB Juan González 0-0: Ball
1-0: Called Strike
1-1: Foul Ball, location: 2F
1-2: Ball
2-2: DOUBLE (Line Drive, 78S)
Batting: LHB Michael Neely 0-0: Foul Ball, location: 2F
0-1: Ground out 4-3 (Groundball, 4M)
Juan González to third
Batting: LHB Gregory Johnson 0-0: Fly out, F7 (Flyball, 7M)
Runner from 3rd tags up, SCORES, throw made
Batting: LHB Gustavo Cortéz 0-0: Ground out 3-1 (Groundball, 3)
Bottom of the 3rd over - 1 run(s), 1 hit(s), 0 error(s), 0 left on base; Houston 3 - Detroit 3
TOP OF THE 4TH
Houston 1837 BBC batting - Pitching for Detroit Renaissance : RHP Domingo Ramírez
Batting: LHB Mark McClear 0-0: SINGLE (Groundball, 15) (infield hit)
Batting: RHB Kumanosuke Abe 0-0: Foul Ball, location: 2F
0-1: Swinging Strike
0-2: Ball
1-2: Foul Ball, location: 2F
1-2: Ball
2-2: Strikes out swinging
Batting: LHB Brad Lawrence 0-0: Called Strike
0-1: Foul Ball, location: 2F
0-2: Ball
1-2: Fly out, F5 (Line Drive, 56S)
Batting: RHB Bob Dickerson 0-0: Ball
1-0: Ball
2-0: Ground out 5-3 (Groundball, 5S)
Top of the 4th over - 0 run(s), 1 hit(s), 0 error(s), 1 left on base; Houston 3 - Detroit 3
BOTTOM OF THE 4TH
Detroit Renaissance batting - Pitching for Houston 1837 BBC : RHP Fraser Cuevas
Batting: LHB Tim Waters 0-0: Called Strike
0-1: Fly out, F7 (Flyball, 78S)
Batting: RHB Eric D'Angle 0-0: Fly out, F8 (Flyball, 8RS)
Batting: RHB Ulbert Sutkamp 0-0: Ball
1-0: Swinging Strike
1-1: Ball
2-1: Foul Ball, location: 2F
2-2: Strikes out swinging
Bottom of the 4th over - 0 run(s), 0 hit(s), 0 error(s), 0 left on base; Houston 3 - Detroit 3
TOP OF THE 5TH
Houston 1837 BBC batting - Pitching for Detroit Renaissance : RHP Domingo Ramírez
Batting: LHB José Marín 0-0: Called Strike
0-1: Ball
1-1: Ball
2-1: Ground out 5-3 (Groundball, 5S)
Batting: SHB Jason Alexander 0-0: Foul Ball, location: 2F
0-1: Foul Ball, location: 2F
0-2: Foul Ball, location: 2F
0-2: Foul Ball, location: 2F
0-2: Ball
1-2: Strikes out swinging
Batting: RHB Bob Campbell 0-0: Reached on error, E6 (Groundball, 6)
Batting: LHB Jack Robbins 0-0: Called Strike
0-1: Ball
1-1: Swinging Strike
1-2: Fly out, F5 (Line Drive, 5S)
Top of the 5th over - 0 run(s), 0 hit(s), 1 error(s), 1 left on base; Houston 3 - Detroit 3
BOTTOM OF THE 5TH
Detroit Renaissance batting - Pitching for Houston 1837 BBC : RHP Fraser Cuevas
Batting: RHB Bernardo Herrera 0-0: Foul Ball, location: 2F
0-1: SINGLE (Line Drive, 56)
Batting: LHB Mike Silver 0-0: Called Strike
0-1: Ball
1-1: Ball
2-1: Ball
3-1: Base on Balls
Bernardo Herrera to second
Batting: LHB Juan González 0-0: Swinging Strike
0-1: Ball
1-1: Ball
2-1: Foul Ball, location: 2F
2-2: Foul Ball, location: 2F
2-2: Strikes out swinging
Batting: LHB Michael Neely 0-0: Called Strike
0-1: Ball
1-1: DOUBLE (Groundball, 3L)
Bernardo Herrera scores
Mike Silver to third
Batting: LHB Gregory Johnson 0-0: Ball
1-0: Fly out, F6 (Popup, 56D)
Batting: LHB Gustavo Cortéz 0-0: Called Strike
0-1: Ball
1-1: 3-RUN HOME RUN (Flyball, 9LD), Distance : 321 ft
Batting: LHB Tim Waters 0-0: Ball
1-0: Called Strike
1-1: Foul Ball, location: 2F
1-2: Foul Ball, location: 2F
1-2: Strikes out looking
Bottom of the 5th over - 4 run(s), 3 hit(s), 0 error(s), 0 left on base; Houston 3 - Detroit 7
TOP OF THE 6TH
Houston 1837 BBC batting - Pitching for Detroit Renaissance : RHP Domingo Ramírez
Batting: LHB Alberto Torres 0-0: SOLO HOME RUN (Line Drive, 9D), Distance : 351 ft
Batting: LHB Mark McClear 0-0: Ball
1-0: Foul Ball, location: 2F
1-1: Ball
2-1: Ball
3-1: Swinging Strike
3-2: Base on Balls
Batting: RHB Kumanosuke Abe 0-0: Swinging Strike
0-1: Bunt missed!
0-2: Foul Ball, location: 2F
0-2: Ball
1-2: Foul Ball, location: 2F
1-2: Ball
2-2: Ball
3-2: Base on Balls
Mark McClear to second
Batting: LHB Brad Lawrence 0-0: Fielders Choice at 2nd, 4-6 (Groundball, 4)
Mark McClear to third
Batting: RHB Bob Dickerson 0-0: Called Strike
0-1: Foul Ball, location: 2F
0-2: 3-RUN HOME RUN (Flyball, 7D), Distance : 356 ft
Pitching: RHP Rafael García
Batting: LHB José Marín 0-0: Ball
1-0: Swinging Strike
1-1: Foul Ball, location: 2F
1-2: Ground out 4-3 (Groundball, 4)
Batting: SHB Jason Alexander 0-0: Ball
1-0: Fly out, F9 (Flyball, 89M)
Top of the 6th over - 4 run(s), 2 hit(s), 0 error(s), 0 left on base; Houston 7 - Detroit 7
BOTTOM OF THE 6TH
Detroit Renaissance batting - Pitching for Houston 1837 BBC : RHP Fraser Cuevas
Pitching: RHP Shi-lin Li
Batting: RHB Eric D'Angle 0-0: Foul Ball, location: 2F
0-1: Ball
1-1: Fly out, F7 (Line Drive, 7M)
Batting: RHB Ulbert Sutkamp 0-0: Called Strike
0-1: Ball
1-1: Called Strike
1-2: Fly out, F7 (Flyball, 7S)
Batting: RHB Bernardo Herrera 0-0: Called Strike
0-1: Ball
1-1: Foul Ball, location: 2F
1-2: Foul Ball, location: 2F
1-2: Foul Ball, location: 2F
1-2: Ground out 5-3 (Groundball, 5)
Bottom of the 6th over - 0 run(s), 0 hit(s), 0 error(s), 0 left on base; Houston 7 - Detroit 7
TOP OF THE 7TH
Houston 1837 BBC batting - Pitching for Detroit Renaissance : RHP Rafael García
Batting: RHB Bob Campbell 0-0: Called Strike
0-1: Ball
1-1: Ball
2-1: Foul Ball, location: 2F
2-2: Foul Ball, location: 2F
2-2: Ball
3-2: Foul Ball, location: 2F
3-2: Base on Balls
Batting: LHB Jack Robbins 0-0: Bunted foul
0-1: Bunted foul
0-2: Ball
1-2: Foul Ball, location: 2F
1-2: Reached on error, E4 (Groundball, 34)
Bob Campbell to second
Batting: LHB Alberto Torres 0-0: Ball
1-0: Ball
2-0: Ball
3-0: Base on Balls
Bob Campbell to third
Jack Robbins to second
Batting: LHB Mark McClear 0-0: Ball
1-0: Ball
2-0: SINGLE (Groundball, 6MD)
Bob Campbell scores
Jack Robbins to third
Alberto Torres to second
Runner from 3rd tries for Home, SAFE, throw made home
Alberto Torres to third
Mark McClear to second
Batting: RHB Kumanosuke Abe 0-0: Swinging Strike
0-1: Ball
1-1: Ball
2-1: Swinging Strike
2-2: Strikes out swinging
Batting: LHB Brad Lawrence 0-0: Swinging Strike
0-1: Swinging Strike
0-2: Ball
1-2: Ball
2-2: Foul Ball, location: 2F
2-2: Strikes out looking
Batting: RHB Bob Dickerson 0-0: Called Strike
0-1: Fly out, F9 (Flyball, 9LM)
Top of the 7th over - 2 run(s), 1 hit(s), 1 error(s), 2 left on base; Houston 9 - Detroit 7
BOTTOM OF THE 7TH
Detroit Renaissance batting - Pitching for Houston 1837 BBC : RHP Shi-lin Li
Batting: LHB Mike Silver 0-0: Ball
1-0: Ball
2-0: Ball
3-0: Called Strike
3-1: Base on Balls
Batting: LHB Juan González 0-0: Ball
1-0: Ball
2-0: Ball
3-0: Base on Balls
Mike Silver to second
Batting: LHB Michael Neely 0-0: Ball
1-0: Ball
2-0: Called Strike
2-1: Ball
3-1: Swinging Strike
3-2: Fly out, F9 (Flyball, 89D)
Runner from 2nd tags up, SAFE at 3rd, no throw
Pitching: RHP Francisco García
Batting: LHB Gregory Johnson 0-0: Ground out U3 (Groundball, 3S)
Mike Silver scores
Juan González to second
Batting: LHB Gustavo Cortéz 0-0: Called Strike
0-1: Swinging Strike
0-2: Ball
1-2: Strikes out swinging
Bottom of the 7th over - 1 run(s), 0 hit(s), 0 error(s), 1 left on base; Houston 9 - Detroit 8
TOP OF THE 8TH
Houston 1837 BBC batting - Pitching for Detroit Renaissance : RHP Rafael García
Batting: LHB José Marín 0-0: Called Strike
0-1: Foul Ball, location: 2F
0-2: Ball
1-2: Fly out, F3 (Line Drive, 3L)
Batting: SHB Jason Alexander 0-0: Ball
1-0: Ball
2-0: Called Strike
2-1: Swinging Strike
2-2: Ball
3-2: Base on Balls
Pitching: RHP Lyle Lanley
Batting: RHB Bob Campbell 0-0: Called Strike
0-1: Ball
1-1: Ground out 5-3 (Groundball, 5L)
Jason Alexander to second
Batting: LHB Jack Robbins 0-0: Ball
1-0: Foul Ball, location: 2F
1-1: Foul Ball, location: 2F
1-2: Ball
2-2: Foul Ball, location: 2F
2-2: Ball
3-2: Base on Balls
Batting: LHB Alberto Torres 0-0: Swinging Strike
0-1: Ball
1-1: Fly out, F7 (Line Drive, 78M)
Top of the 8th over - 0 run(s), 0 hit(s), 0 error(s), 2 left on base; Houston 9 - Detroit 8
BOTTOM OF THE 8TH
Detroit Renaissance batting - Pitching for Houston 1837 BBC : RHP Francisco García
Batting: LHB Tim Waters 0-0: Ball
1-0: Foul Ball, location: 2F
1-1: SINGLE (Flyball, 8RS) - OUT at second base trying to stretch hit.
Pitching: RHP Jason Hubbell
Batting: RHB Eric D'Angle 0-0: Ground out 6-3 (Groundball, 6)
Batting: RHB Ulbert Sutkamp 0-0: Called Strike
0-1: Ball
1-1: Swinging Strike
1-2: Ball
2-2: Ground out 5-3 (Groundball, 56S)
Bottom of the 8th over - 0 run(s), 1 hit(s), 0 error(s), 0 left on base; Houston 9 - Detroit 8
TOP OF THE 9TH
Houston 1837 BBC batting - Pitching for Detroit Renaissance : RHP Lyle Lanley
Batting: LHB Mark McClear 0-0: Swinging Strike
0-1: Ground out 4-3 (Groundball, 4M)
Batting: RHB Kumanosuke Abe 0-0: Ball
1-0: Ball
2-0: Ground out 1-3 (Groundball, 13S)
Batting: LHB Brad Lawrence 0-0: Ground out U3 (Groundball, 3L)
Top of the 9th over - 0 run(s), 0 hit(s), 0 error(s), 0 left on base; Houston 9 - Detroit 8
BOTTOM OF THE 9TH
Detroit Renaissance batting - Pitching for Houston 1837 BBC : RHP Jason Hubbell
Pitching: RHP Francisco Valdés
Batting: RHB Bernardo Herrera 0-0: Ground out 2-3 (Groundball, 2R)
Batting: LHB Mike Silver 0-0: Ball
1-0: Ball
2-0: Ball
3-0: Base on Balls
Batting: LHB Juan González 0-0: Ball
1-0: Ball
2-0: Ball
3-0: Called Strike
3-1: Foul Ball, location: 2F
3-2: Base on Balls
Mike Silver to second
Batting: LHB Michael Neely 0-0: Called Strike
0-1: Ball
1-1: Ball
2-1: Foul Ball, location: 2F
2-2: Ball
3-2: Grounds into double play, 4-6-3 (Groundball, 34)
Bottom of the 9th over - 0 run(s), 0 hit(s), 0 error(s), 1 left on base; Houston 9 - Detroit 8
This league is powered by Out of the Park Baseball, the baseball management simulation game for PC, Mac and Linux
Monday, October 3rd, 2016 - OOTP Baseball 16.9 Build 39